 Dungeon Crawl Stone Soup version 0.32-a0-799-g95e1662365 (webtiles) character file.

Game seed: 12592960042656838184

242 ezpacito the Chopper (level 6, -2/48 HPs)
             Began as a Coglin Chaos Knight on Mar 21, 2024.
             Was a Plaything of Xom.
             Succumbed to an orc wizard's poison
             ... on level 4 of the Dungeon.
             The game lasted 00:03:08 (2256 turns).

ezpacito the Chopper (Coglin Chaos Knight)          Turns: 2256, Time: 00:03:09

Health: -2/48      AC:  8    Str: 15      XL:     6   Next: 9%
Magic:  7/7        EV: 10    Int: 10 (11) God:    Xom [*.....]
Gold:   103        SH:  0    Dex: 13      Spells: 7/7 levels left

rFire   + . .        a - +0 hand axe (chaos) {Ferran}
rCold   + + .        n - +0 spear {Appius}
rNeg    . . .        m - +1 ring mail {rC+}
rPois   +            (no helmet)
rElec   +            o - +1 cloak
rCorr   +            (no gloves)
SInv    .            (no boots)
Will    +....        (amulet unavailable)
Stlth   +            (ring unavailable)
HPRegen 0.28/turn    (ring unavailable)
MPRegen 0.10/turn    (no gizmo)

%: no passive effects
@: brilliant, lethally poisoned (-2 -> -19), resistant, enlightened, flying,
hasted, revved, very quick
A: off-hand wielding, slow wielding, warmup strikes, no jewellery
a: Invent Gizmo, Renounce Religion


You were on level 4 of the Dungeon.
You worshipped Xom.
You were a special plaything of Xom.
You visited 1 branch of the dungeon, and saw 4 of its levels.

You collected 103 gold pieces.

Inventory:

Hand Weapons
 a - a +0 hand axe of chaos (weapon) {Ferran}
 n - a +0 spear (offhand) {Appius}
Missiles
 b - 13 poisoned darts (quivered)
 u - 4 javelins
Armour
 m - a +1 ring mail of cold resistance (worn)
 o - a +1 cloak (worn)
Magical Staves
 t - a staff of fire
Scrolls
 f - a scroll of vulnerability {unknown}
 g - a scroll of teleportation {unknown}
 h - 2 scrolls of fog {unknown}
 j - 2 scrolls of silence
 p - a scroll of poison {unknown}
 q - a scroll of blinking {unknown}
 r - a scroll of revelation {unknown}
 s - a scroll of identify {unknown}
Potions
 e - a potion of enlightenment


   Skills:
 * Level 3.7 Fighting
 * Level 3.8(4.0) Axes
 + Level 1.3(2.5) Polearms
 * Level 2.8 Armour
 * Level 2.2 Dodging
 + Level 1.2 Stealth
 + Level 1.2 Spellcasting
 + Level 0.7 Evocations


You had 7 spell levels left.
You didn't know any spells.
Your spell library contained the following spells:

 Spells                   Type           Power      Damage    Failure   Level
 Passage of Golubria      Tloc           0%         N/A       100%        4
 Silence                  Hex/Air        0%         N/A       100%        5
 Lehudib's Crystal Spear  Conj/Erth      0%         10d2      100%        8


Dungeon Overview and Level Annotations

Branches:
Dungeon (4/15)
 Temple: D:4-7

Altars:
Ashenzari
Cheibriados
Elyvilon
Yredelemnul


Innate Abilities, Weirdness & Mutations

You can wield a second weapon in your off-hand.
It takes a long time for you to wield or remove held weapons.
Your first few attacks do less damage.
You cannot equip rings or amulets.


Message History

You barely miss the orc priest with your +0 hand axe of chaos.
The orc priest is moderately wounded.
You hit the orc wizard with your +0 hand axe of chaos.
You hit the quokka with your +0 hand axe of chaos.
You kill the quokka!
You completely miss the orc priest with your +0 spear.
* * * LOW HITPOINT WARNING * * *
You feel sick.
The orc wizard hits you with a +1 dagger of venom.
* * * LOW HITPOINT WARNING * * *
You are more poisoned.
The orc priest hits you but does no damage.
You take 1 damage, and have 5/42 hp.
You closely miss the orc priest with your +0 spear.
The orc priest is moderately wounded.
You hit the orc priest with your +0 hand axe of chaos.
You freeze the orc priest.
You closely miss the orc wizard with your +0 hand axe of chaos.
* * * LOW HITPOINT WARNING * * *
You feel sick. The orc wizard barely misses you.
You take 2 damage, and have 3/42 hp.
You hit the orc priest with your +0 spear.
The orc priest is severely wounded.
You hit the orc priest with your +0 hand axe of chaos.
You freeze the orc priest.
You kill the orc priest!
You barely miss the orc wizard with your +0 hand axe of chaos.
* * * LOW HITPOINT WARNING * * *
You feel sick.
The orc wizard hits you but does no damage.
You are more poisoned.
You have reached level 6!
You take 2 damage, and have 1/48 hp.
MP restored: 7
Okay, then.
As you read the scroll of butterflies, it crumbles to dust.
You hear the flapping of tiny wings.
The orc wizard is knocked back by the sudden gust.
You die...
Xom cackles wildly!

... .... .###.###
#..# # #...#...##..#
.# #...#..b#b..# ..#
#..#...#..###b. ..
#..###.b#b..# .
..#...#bbb#bbb# .
.##..#.bb#bb.#
###.###..#..###@###.
........#.b.bbbbb...#
#.###..#.b###o###..#
#...##..#..b#. .#
#...#...#...#.
#...#..###..#..
#..###..#...#..##
.... #...#...#...#
.## #...#...# ..#


You could see an orc wizard (fast, ally target).

Vanquished Creatures
  An ogre (D:2)
  An orc priest (D:4)
  An iguana (D:3)
  2 adders
  A dart slug (D:2)
  3 ribbon worms
  6 orcs
  3 ball pythons
  2 bats
  6 endoplasms
  2 giant cockroaches (D:2)
  4 goblins
  8 hobgoblins
  8 jackals
  2 kobolds
  3 quokkas
  A frilled lizard (D:1)
  8 rats
62 creatures vanquished.

Notes
Turn   | Place    | Note
-------+----------+-------------------------------------------
     0 | D:1      | ezpacito the Coglin Chaos Knight began the quest for the
                  | Orb.
     0 | D:1      | Reached XP level 1. HP: 18/18 MP: 1/1
    55 | D:1      | Reached skill level 1 in Dodging
   151 | D:1      | Reached XP level 2. HP: 24/24 MP: 2/2
   290 | D:1      | XOM: silly message
   395 | D:1      | Found a faded altar of an unknown god.
   620 | D:1      | Reached XP level 3. HP: 29/29 MP: 3/3
   846 | D:2      | Noticed an ogre
   853 | D:2      | XOM: butterfly on damage
   856 | D:2      | Killed an ogre
   857 | D:2      | Reached skill level 1 in Polearms
   857 | D:2      | Reached skill level 1 in Stealth
   857 | D:2      | Reached XP level 4. HP: 17/35 MP: 3/5
  1049 | D:2      | Reached skill level 1 in Spellcasting
  1075 | D:2      | Reached XP level 5. HP: 41/41 MP: 6/6
  1127 | D:2      | XOM: 2-stop teleportation journey
  1233 | D:2      | XOM: cloud trail
  1465 | D:3      | XOM: stat loss: -1 Dex (12/13)
  1529 | D:3      | XOM: 3-stop teleportation journey
  1563 | D:3      | XOM: 2-stop teleportation journey
  1568 | D:3      | Found a snail-covered altar of Cheibriados.
  1869 | D:3      | Found a faded altar of an unknown god.
  1966 | D:3      | Found a basalt altar of Yredelemnul.
  2057 | D:3      | XOM: stat loss: -1 Int (10/11)
  2098 | D:3      | Found a white marble altar of Elyvilon.
  2181 | D:3      | Found a broken altar of Ashenzari.
  2212 | D:4      | XOM: 1-stop teleportation journey
  2255 | D:4      | HP: 1/42 [poisoned by an orc wizard]
  2256 | D:4      | Reached XP level 6. HP: 1/48 MP: 7/7
  2256 | D:4      | Succumbed to an orc wizard's poison

Illustrated notes

Levels and vault maps discovered:
D:1:      dpeg_arrival_houses_and_road, layout_loops_ring,
          dreamdust_ecumenical_altar_hidden_monk_grotto
D:2:      layout_rooms, due_unseen_surprise
D:3:      layout_loops_ring, slow_altar_2, kennysheep_ying_yang,
          nicolae_overflow_ecumenical_swirl, minivault_26,
          roderic_serpentine_path
D:4:      layout_basic, gammafunk_ghost_split, grunt_ministairs_11,
          nicolae_titane

Skill      XL: |  1  2  3  4  5 |
---------------+----------------+-----
Dodging        | 1 2 |  2.2
Armour         | 2 |  2.8
Polearms       | 1 |  1.3
Stealth        | 1 |  1.2
Spellcasting   | 1 |  1.2
Fighting       | |  3.7
Axes           | |  3.8
Evocations     | |  0.7

Action                     |  1- 3 |  4- 6 || total
---------------------------+-------+-------++-------
  Melee: Hand axe          |    48 |    71 ||   119
         Dagger            |    39 |       ||    39
         Spear             |     7 |    85 ||    92
    Use: Potion            |       |     5 ||     5
         Scroll            |       |     2 ||     2
   Stab: Sleeping          |     1 |     1 ||     2
         Distracted        |       |     1 ||     1
 Armour: Leather armour    |    29 |       ||    29
         Ring mail         |     2 |    47 ||    49
  Dodge: Dodged            |    37 |    40 ||    77

Table legend: (Time is in decaauts)
 A = Elapsed time spent in this place.
 B = Non-inter-level travel time spent in this place.
 C = Inter-level travel time spent in this place.
 D = Time resting spent in this place.
 E = Time spent auto-exploring this place.
 F = Levels seen in this place.
 G = Mean time per level.
                   A        B        C        D        E       F      G
               +--------+--------+--------+--------+--------+-----+--------+
         Total |   2262 |   2013 |    249 |    171 |   1480 |   4 |  565.5 |
       Dungeon |   2262 |   2013 |    249 |    171 |   1480 |   4 |  565.5 |
               +--------+--------+--------+--------+--------+-----+--------+

Top non-repeatable levels by time:
     D:1: 840 daAuts
     D:3: 808 daAuts
     D:2: 567 daAuts
     D:4: 46 daAuts
